 Dungeon Crawl Stone Soup version 0.21.1-1-g345015f (webtiles) character file.

28 Kairos the Shield-Bearer (level 3, 35/35 HPs)
             Began as a Gnoll Fighter on Apr 24, 2018.
             Got out of the dungeon alive.
             The game lasted 00:00:59 (627 turns).

Kairos the Shield-Bearer (Gnoll Fighter)             Turns: 627, Time: 00:01:00

Health: 35/35      AC:  7    Str: 19    XL:     3   Next: 12%
Magic:  3/3        EV:  8    Int: 10    God:
Gold:   32         SH: 11    Dex: 14    Spells: 3/3 levels left

rFire    . . .     SeeInvis .   a - +0 war axe
rCold    . . .     Gourm    .   c - +1 shield
rNeg     . . .     Faith    .   b - +0 scale mail
rPois    .         Spirit   .   (no helmet)
rElec    .         Reflect  .   (no cloak)
rCorr    .         Harm     .   (no gloves)
MR       .....                  (no boots)
Stlth    ..........             (no amulet)
HPRegen  0.11/turn              (no ring)
MPRegen  0.08/turn              (no ring)

@: no status effects
A: distributed training, fangs 1, strong nose
a: no special abilities


You escaped.
You were not hungry.

You visited 1 branch of the dungeon, and saw 1 of its levels.

You collected 32 gold pieces.

Inventory:

Hand Weapons
 a - a +0 war axe (weapon)
Armour
 b - a +0 scale mail (worn)
 c - a +1 shield (worn)
Scrolls
 k - a scroll of magic mapping
Potions
 d - a potion of might
 g - a potion of curing
Comestibles
 f - 2 rations


   Skills:
 + Level 6.5 Fighting
 + Level 0.6 Short Blades
 + Level 0.6 Long Blades
 + Level 4.5 Axes
 + Level 0.6 Maces & Flails
 + Level 0.6 Polearms
 + Level 0.6 Staves
 + Level 0.6 Slings
 + Level 0.6 Bows
 + Level 0.6 Crossbows
 + Level 0.6 Throwing
 + Level 6.5 Armour
 + Level 0.6 Dodging
 + Level 0.6 Stealth
 + Level 6.5 Shields
 + Level 0.6 Unarmed Combat
 + Level 0.6 Spellcasting
 + Level 0.4 Conjurations
 + Level 0.4 Hexes
 + Level 0.4 Charms
 + Level 0.4 Summonings
 + Level 0.4 Necromancy
 + Level 0.4 Translocations
 + Level 0.4 Transmutations
 + Level 0.4 Fire Magic
 + Level 0.4 Ice Magic
 + Level 0.4 Air Magic
 + Level 0.4 Earth Magic
 + Level 0.4 Poison Magic
 + Level 0.8 Invocations
 + Level 0.6 Evocations


You had 3 spell levels left.
You didn't know any spells.

Dungeon Overview and Level Annotations

Branches:
Dungeon (1/15)

Altars:


Innate Abilities, Weirdness & Mutations

Your experience applies equally to all skills.
You have very sharp teeth.
Your uncanny sense of smell can sniff out nearby items.


Message History

It was a scroll of fear.
As you read the scroll labeled VOPTUL POTI, it crumbles to dust.
It is a scroll of enchant armour.
Your +0 shield glows green for a moment.
As you read the scroll labeled CAAQ PANENEOTY, it crumbles to dust.
It is a scroll of identify.
k - a scroll of magic mapping It was a potion of curing.
You feel better.
There is a stone staircase leading down here.
There is an open door here.
There is an open door here.
Things that are here:
a dagger; a goblin skeleton; a rat skeleton
There is an open door here.
There is an open door here.
You open the door.
There is an open door here.
There is a staircase leading out of the dungeon here.
Are you sure you want to leave the Dungeon?
This will make you lose the game!
You have escaped!

..#####...###...##
#.##.## ..# #...# #...#
#.##.## ..# ##.##
##.########## #.##.## ..#
### #######......#
#.##.## ..##########.##
#.......# #......
..............###.......#
#......
..)...#.................#
#.##.#.
........)##...####......#
#.##.#.
....####.#....##@#......#
#.##.#. ..#.#
#.#...###.###....#
#.##.#. ..#.#
#.#.###.'.'.######
#...... #'#.#
#...###.###.### ####.##
.#..# ###.#.'#+.)#'.# ###
#.# ≈####
###.###.###.####.## #.#
≈#..#
#.'#'.'#'.+#'.#...###.#
≈##.#
##.###.###.###.#.......#
≈##.#####..#
#...>...÷......####


There were no monsters in sight!

Vanquished Creatures
  A leopard gecko (D:1)
  2 giant cockroaches (D:1)
  3 hobgoblins (D:1)
  A ball python (D:1)
  7 bats (D:1)
  5 frilled lizards (D:1)
  4 goblins (D:1)
  2 kobolds (D:1)
  3 rats (D:1)
28 creatures vanquished.

Notes
Turn   | Place    | Note
-------+----------+-------------------------------------------
     0 | D:1      | Kairos the Gnoll Fighter began the quest for the Orb.
     0 | D:1      | Reached XP level 1. HP: 23/23 MP: 1/1
    88 | D:1      | Reached XP level 2. HP: 29/29 MP: 2/2
   465 | D:1      | Reached XP level 3. HP: 34/35 MP: 3/3
   627 | D:$      | Got out of the dungeon alive.

Action                   || total
-------------------------++-------
Melee: War axe           ||    63
       Bite              ||     8
  Use: Scroll            ||     4
       Potion            ||     1
Armor: Scale mail        ||    21
Dodge: Dodged            ||    18
Block: Shield            ||    33
